 Dungeon Crawl Stone Soup version 0.20-a0-1114-g33edf32 (webtiles) character file.

83 kuniqs the Covered (level 4, -4/39 HPs)
             Began as a Gnoll Fighter on May 6, 2017.
             Killed by divine providence
             ... invoked by an orc priest
              (14 damage)
             ... on level 3 of the Dungeon.
             The game lasted 00:02:16 (1910 turns).

kuniqs the Covered (Gnoll Fighter)                  Turns: 1910, Time: 00:02:17

Health: -4/39      AC:  9    Str: 15    XL:     4   Next: 44%
Magic:  4/4        EV:  8    Int:  8    God:
Gold:   140        SH:  9    Dex: 11    Spells: 2/3 levels left

rFire    . . .     SeeInvis .   a - +0 rapier
rCold    . . .     Gourm    .   c - +0 shield
rNeg     . . .     Faith    .   b - +0 scale mail
rPois    .         Spirit   .   t - +1 hat
rElec    .         Reflect  .   (no cloak)
rCorr    .         Harm     +   (no gloves)
MR       .....                  j - +0 pair of boots
Stlth    +.........             l - amulet of harm
Regen    0.2/turn               e - -3 ring of dexterity (curse)
MPRegen  0.1/turn               (no ring)

@: no status effects
A: short attention span, fangs 1, strong nose
a: no special abilities


You were on level 3 of the Dungeon.
You were not hungry.

You visited 1 branch of the dungeon, and saw 3 of its levels.

You collected 140 gold pieces.

Inventory:

Hand Weapons
 a - a +0 rapier (weapon)
Armour
 b - a +0 scale mail (worn)
 c - a +0 shield (worn)
 j - a +0 pair of boots (worn)
 t - a +1 hat (worn)
Jewellery
 e - a cursed -3 ring of dexterity (left hand)
 l - an amulet of harm (around neck)
Scrolls
 h - 3 scrolls of remove curse {unknown}
 i - 2 scrolls of noise {unknown}
 m - 3 scrolls of teleportation {unknown}
 n - a scroll of fear {unknown}
 r - a scroll of identify {unknown}
Potions
 k - 2 potions of cancellation {unknown}
 o - 2 potions of might
 p - a potion of resistance {unknown}
 q - a potion of flight {unknown}
 s - a potion of brilliance {unknown}
Comestibles
 d - 6 bread rations
 f - 2 fruits
 g - 6 chunks of flesh


   Skills:
 + Level 5.3 Fighting
 + Level 4.0 Short Blades
 + Level 5.6 Armour
 + Level 2.9 Dodging
 + Level 2.5 Stealth
 + Level 5.1 Shields
 + Level 0.9 Necromancy


You had 2 spell levels left.
You knew the following spells:

 Your Spells              Type           Power        Failure   Level  Hunger
a - Animate Skeleton      Necr           N/A          98%         1    ##.....


Dungeon Overview and Level Annotations

Branches:
Dungeon (3/15)

Altars:
Cheibriados
Nemelex Xobeh
Okawaru
Qazlal
Xom
The Shining One


Innate Abilities, Weirdness & Mutations

You have a short attention span.
You have very sharp teeth.
Your uncanny sense of smell can sniff out nearby items.


Message History

You butcher the adder corpse.
g - 6 chunks of flesh (gained 1)
You see here an adder skeleton. x2
m - 3 scrolls labeled USHYPY OZ ZYURGH (gained 1)
You now have 140 gold pieces (gained 7).
d - 6 bread rations (gained 1)
o - 2 potions of might (gained 1)
Found a stone staircase leading down.
A jackal, an orc and 2 orc priests come into view.
The orc shouts!
The orc priest shouts!
The jackal barks!
The orc priest invokes the aid of Beogh against you.
Pain shoots through your body!
The orc priest invokes the aid of Beogh against you.
Beogh smites you!
* * * LOW HITPOINT WARNING * * *
Found a scroll labeled OTSOULU NUGINU and a scale mail.
You are too injured to fight recklessly!
The orc priest invokes the aid of Beogh against you.
Beogh smites you!
You die...

#.....)# #######.........#
#......# #...............#
#......###.##............#
#.....)..#.##.############
#......#.#...........
#.......÷....########
#......#÷####....#
##......#......##.######.#
...............<@.......>#
.....###..###...#.########
...#.# #..# #...#..o.....
...#.# #..# #.###...o....
...#.# #..# #. #........
##.#.# #..# #+ #..h?....
#.#.###..# .....o.[.
##.#..##..# .........∆
......##(<# .........


You could see 2 orc priests, an orc and a jackal.

Vanquished Creatures
  2 adders (D:3)
  An ooze (D:1)
  A worm (D:1)
  4 dart slugs
  A leopard gecko (D:2)
  2 ball pythons
  A giant cockroach (D:1)
  6 goblins
  5 hobgoblins
  4 jackals
  8 bats
  3 frilled lizards
  6 kobolds
  6 rats
50 creatures vanquished.

Notes
Turn   | Place    | Note
-------+----------+-------------------------------------------
     0 | D:1      | kuniqs the Gnoll Fighter began the quest for the Orb.
     0 | D:1      | Reached XP level 1. HP: 20/20 MP: 1/1
    39 | D:1      | Reached skill level 5 in Armour
   352 | D:1      | Reached XP level 2. HP: 22/26 MP: 2/2
   356 | D:1      | Reached skill level 5 in Fighting
   430 | D:1      | Reached skill level 1 in Dodging
   756 | D:1      | Reached skill level 1 in Stealth
   789 | D:1      | Reached XP level 3. HP: 31/33 MP: 3/3
   833 | D:1      | Found an iron altar of Okawaru.
   835 | D:1      | Found a glowing golden altar of the Shining One.
   835 | D:1      | Found a shimmering altar of Xom.
   839 | D:1      | Found a stormy altar of Qazlal.
   839 | D:1      | Found a snail-covered altar of Cheibriados.
   839 | D:1      | Found a sparkling altar of Nemelex Xobeh.
  1137 | D:2      | Reached skill level 5 in Shields
  1748 | D:3      | Reached XP level 4. HP: 39/39 MP: 4/4
  1806 | D:3      | Learned a level 1 spell: Animate Skeleton
  1910 | D:3      | Killed from afar by an orc priest

Vault maps used:
D:1:      dpeg_arrival_brainrot, doesnt_xom_only_xom
D:2:      grunt_ministairs_10
D:3:      first_bread

Skill      XL: |  1  2  3  4 |
---------------+-------------+-----
Armour         | 5 |  5.6
Fighting       | 5 |  5.3
Dodging        | 1 2 |  2.9
Stealth        | 1 2 |  2.5
Shields        | 5 |  5.1
Short Blades   | 4 |  4.0
Necromancy     | |  0.9

Action                   |  1- 3 |  4- 6 || total
-------------------------+-------+-------++-------
Melee: Rapier            |   127 |    31 ||   158
       Bite              |    10 |     3 ||    13
  Eat: Chunk             |     3 |       ||     3
Armor: Scale mail        |    50 |    13 ||    63
Dodge: Dodged            |    25 |     9 ||    34
Block: Shield            |    49 |    26 ||    75
